Map: King's Cove LE

Players

LoopyDuck

  • Race: Zerg Zerg
  • Spawn Location: 5:00

wootwoot - Winner!

  • Race: Terran Terran
  • League: Silver
  • Spawn Location: 11:00

VOD

Have the link to the VOD?

Description

Time

  • Played on: April 21, 2025, 10:22 a.m.
  • Length: 3:02
Show
View Real Time Build Order
Export as new Build Order

LoopyDuck Zerg 

Build Orders: Pool First 

Get SALT Encoding   

  12  0:04  Drone  
  13  0:09  Drone  
  14  0:18  Overlord  
  14  0:47  Spawning Pool  
  13  0:51  Drone  
  13  0:52  Drone  
  13  0:53  Drone  
  16  1:32  Hatchery  
  16  1:34  Zergling x2  
  16  1:39  Zergling x2  
  17  1:42  Zergling x2  
  18  1:57  Roach Warren  
  18  1:59  Zergling x2  
  18  2:02  Zergling x2  
  17  2:25  Zergling x2  
  17  2:26  Zergling x2  
  19  2:37  Zergling x2  
Show
View Real Time Build Order
Export as new Build Order

wootwoot Terran - Winner!

Build Orders:  

Get SALT Encoding   

  12  0:00  SCV  
  13  0:12  SCV  
  14  0:18  Supply Depot  
  14  0:24  SCV  
  15  0:40  SCV  
  16  0:47  Barracks  
  16  0:52  SCV  
  17  1:00  Barracks  
  17  1:13  Barracks  
  17  1:34  Orbital Command, Marine  
  18  1:42  Barracks  
  18  1:46  Marine  
  19  1:54  Marine  
  20  2:03  Marine  
  20  2:06  Marine  
  22  2:11  Marine  
  23  2:21  Marine  
  24  2:24  Marine  
  24  2:29  Marine  
  26  2:31  Marine  
  26  2:39  Marine  
  26  2:42  Marine  
Tags
 
League
Silver
Matchup
TvZ
Opening
Pool First
Replay Pack
#1B2M-Replays
Spawn Locations
Cross Positions
Add a new tag
Caveats
  • Supply blocks, unpowered buildings, or Contaminate may cause inaccurate times.
  • Supply counts are checked every 10 seconds.